 Dungeon Crawl Stone Soup version 0.28.0-45-g0d030f2227 (webtiles) character file.

Game seed: 11525724464617453701

877 bobregger the Chopper (level 8, 0/61 HPs)
             Began as a Human Fighter on Apr 21, 2022.
             Slain by an ogre
             ... wielding a +0 giant spiked club
              (19 damage)
             ... on level 4 of the Dungeon.
             The game lasted 00:04:23 (4719 turns).

bobregger the Chopper (Human Fighter)               Turns: 4719, Time: 00:04:24

Health: 0/61       AC:  9    Str: 19    XL:     8   Next: 25%
Magic:  8/8        EV:  9    Int:  8    God:
Gold:   149        SH:  6    Dex: 19    Spells: 7/7 levels left

rFire   . . .      SeeInvis .   a - +0 war axe
rCold   . . .      Faith    .   c - +0 buckler
rNeg    . . .      Spirit   .   b - +0 scale mail
rPois   .          Reflect  .   (no helmet)
rElec   .          Harm     .   o - +0 cloak
rCorr   .          Rampage  .   (no gloves)
Will    .....                   f - +0 pair of boots
Stlth   ..........              d - amulet of the acrobat
HPRegen 0.20/turn               g - +6 ring of dexterity
MPRegen 0.11/turn               s - +4 ring of slaying

@: no status effects
A: no striking features
a: no special abilities


You were on level 4 of the Dungeon.
You visited 1 branch of the dungeon, and saw 5 of its levels.

You collected 149 gold pieces.

Inventory:

Hand Weapons
 a - a +0 war axe (weapon)
Armour
 b - a +0 scale mail (worn)
 c - a +0 buckler (worn)
 f - a +0 pair of boots (worn)
 o - a +0 cloak (worn)
Jewellery
 d - an amulet of the acrobat (around neck)
 g - a +6 ring of dexterity (left hand)
 s - a +4 ring of slaying (right hand)
Wands
 p - a wand of digging (6)
Scrolls
 e - 5 scrolls of identify {unknown}
 h - 2 scrolls of noise {unknown}
 i - 2 scrolls of amnesia {unknown}
 j - a scroll of enchant armour {unknown}
 k - a scroll of magic mapping {unknown}
 l - 2 scrolls of teleportation {unknown}
 m - 2 scrolls of brand weapon {unknown}
 q - a scroll of immolation {unknown}
 t - 2 scrolls of fear {unknown}
Potions
 r - a potion of cancellation {unknown}
 u - a potion of curing {unknown}


   Skills:
 + Level 4.4 Fighting
 * Level 5.9 Axes
 + Level 4.5 Armour
 * Level 5.6 Shields


You had 7 spell levels left.
You didn't know any spells.
Your spell library contained the following spells:

 Spells                   Type           Power      Damage    Failure   Level
 Beastly Appendage        Tmut           0%         N/A       85%         1
 Wereblood                Tmut           0%         N/A       94%         2
 Spider Form              Tmut/Pois      0%         N/A       99%         3


Dungeon Overview and Level Annotations

Branches:
Dungeon (5/15)
 Temple: D:4-7

Altars:
Hepliaklqana
Kikubaaqudgha

Shops:
D:3 *


Message History

The scorpion stings you but does no damage.
The scorpion misses you.
You closely miss the scorpion.
The scorpion is severely wounded.
You feel sick. You block the scorpion's attack.
You closely miss the scorpion.
The scorpion is severely wounded.
You feel sick.
You are no longer poisoned.
The scorpion stings you but does no damage.
The scorpion stings you!
You slash the scorpion!
You kill the scorpion!
You start resting.
HP restored.
There is a stone staircase leading down, spattered with blood here.
You climb downwards.
The ogre barely misses you. The iguana bites you.
There is a stone staircase leading up, spattered with blood here.
The ogre hits you with a +0 giant spiked club!!
The iguana bites you but does no damage.
You climb upwards.
There is a stone staircase leading down, spattered with blood here.
You feel much better.
The iguana bites you but does no damage.
The ogre hits you with a +0 giant spiked club!!
You slash the ogre!
The ogre is moderately wounded.
You completely miss the iguana. The iguana bites you!
The ogre hits you with a +0 giant spiked club!
You slash the ogre!
The ogre is severely wounded.
You slash the iguana!
The iguana bites you but does no damage.
The ogre hits you with a +0 giant spiked club.
The iguana bites you but does no damage.
You completely miss the ogre.
The ogre is severely wounded.
You hit the iguana but do no damage. The iguana closely misses you.
The ogre hits you with a +0 giant spiked club!!
You die...

#.................#....#.......#
#.................'....#.......#
#.................#....#.......#
######...##..##...######.......#
#...##..##...##...#.......#
#....>........#...+†......#
#.............#...#.>.....#
#..........O..#...#.......#
#.........@...#...#.......#
#..........l..'...#.......' #
#######.....###+###...#.......#
###..####.....###..##...#.......#
........................#.......#
........................#.......#
........................#.......#
........................#)......#
.......###+######.......#.......#


You could see an ogre and an iguana.

Vanquished Creatures
  An ice beast (D:3)
  An ogre (D:4)
  A bullfrog (D:4)
  4 scorpions
  A howler monkey (D:4)
  A hound (D:3)
  2 bullfrog skeletons (D:4)
  Jessica (D:3)
  2 iguanas (D:4)
  Ijyb (D:3)
  2 adders (D:2)
  5 gnolls
  2 ufetubi (D:4)
  2 worms
  4 dart slugs
  An orc (D:3)
  A bat (D:2)
  6 endoplasms
  4 giant cockroaches
  7 goblins
  7 hobgoblins
  11 jackals
  3 quokkas
  7 ball pythons
  4 frilled lizards (D:1)
  4 kobolds
  7 rats (D:1)
92 creatures vanquished.

Vanquished Creatures (others)
  6 plants (D:2)
6 creatures vanquished.

Grand Total: 98 creatures vanquished

Notes
Turn   | Place    | Note
-------+----------+-------------------------------------------
     0 | D:1      | bobregger the Human Fighter began the quest for the Orb.
     0 | D:1      | Reached XP level 1. HP: 18/18 MP: 1/1
   104 | D:1      | Found a faded altar of an unknown god.
   131 | D:1      | Reached XP level 2. HP: 24/24 MP: 2/2
   414 | D:1      | Reached XP level 3. HP: 25/29 MP: 3/3
   717 | D:2      | Noticed a scorpion
   723 | D:2      | Killed a scorpion
   724 | D:2      | Reached XP level 4. HP: 22/35 MP: 4/4
  1160 | D:2      | Reached XP level 5. HP: 23/41 MP: 5/5
  2498 | D:3      | Noticed an ice beast
  2507 | D:3      | Killed an ice beast
  2508 | D:3      | Reached XP level 6. HP: 20/47 MP: 6/6
  2834 | D:3      | Noticed Jessica
  2840 | D:3      | Killed Jessica
  2889 | D:3      | Noticed Ijyb
  2903 | D:3      | Killed Ijyb
  2967 | D:3      | Found a hazy altar of Hepliaklqana.
  2973 | D:3      | Found an ancient bone altar of Kikubaaqudgha.
  3280 | D:3      | Found Ybuily's General Store.
  3634 | D:4      | Reached XP level 7. HP: 42/53 MP: 7/7
  3636 | D:4      | Reached skill level 5 in Axes
  3965 | D:4      | Reached skill level 5 in Shields
  4421 | D:5      | Entered Level 5 of the Dungeon
  4434 | D:4      | Reached XP level 8. HP: 59/60 MP: 8/8
  4719 | D:4      | Slain by an ogre

Illustrated notes

Levels and vault maps discovered:
D:1:      minmay_arrival_radiant_lines, layout_rooms,
          shapermc_ecumenical_altar_venn, minmay_misc_feat_columns
D:2:      layout_loops_corners, serial_forest, infiniplex_forest_3_way,
          infiniplex_forest_lined_3, infiniplex_forest_clump_curved,
          infiniplex_forest_zigzag_1, minmay_surrounded
D:3:      layout_loops_ring, mainiacjoe_overflow_brackets,
          general_overflow_altar, serial_shops, nicolae_shop_crystal,
          minivault_26, hex_large, uniq_ijyb, uniq_jessica
D:4:      layout_gridville
D:5:      layout_rooms, uniq_eustachio, uniq_menkaure

Skill      XL: |  1  2  3  4  5  6  7 |
---------------+----------------------+-----
Axes           | 3 4 5 |  5.9
Shields        | 4 5 |  5.6
Fighting       | 4 |  4.4
Armour         | 4 |  4.5

Action                   |  1- 3 |  4- 6 |  7- 9 || total
-------------------------+-------+-------+-------++-------
Melee: War axe           |    64 |   116 |    84 ||   264
  Use: Potion            |     1 |     1 |     1 ||     3
Armor: Scale mail        |    34 |    49 |    43 ||   126
Dodge: Dodged            |    19 |    52 |    42 ||   113
Block: Buckler           |    12 |    34 |    39 ||    85
